AA - U28
MONTGOMERY BISCUITS @ CHATTANOOGA SCOUTS
08/20/2052
 
TOP OF THE 1ST
Shreveport Engineers batting - Pitching for Biloxi Shuckers : LHP Levi Martin
Pitching: LHP Levi Martin
Batting: RHB Nathan Hurst 0-0: Called Strike
0-1: Ball
1-1: Swinging Strike
1-2: Ball
2-2: Foul Ball, location: 2F
2-2: Ball
3-2: Hit by Pitch
Batting: RHB Dylan Wagner 0-0: Ball
1-0: Ball
2-0: Swinging Strike
2-1: Foul Ball, location: 2F
2-2: Strikes out swinging
Batting: RHB Gervase Koehler 0-0: Called Strike
0-1: Foul Ball, location: 2F
0-2: Ball
1-2: Fielders Choice at 2nd, 1-6 (Groundball, 13, EV 74.4 MPH)
Batting: RHB Yenier Quiroz 0-0: Ball
1-0: Ball
Gervase Koehler steals 2nd base
2-0: Fly out, F9 (Flyball, 9S, EV 85.0 MPH)
Top of the 1st over - 0 runs, 0 hits, 0 errors, 1 left on base; Shreveport 0 - Biloxi 0
BOTTOM OF THE 1ST
Biloxi Shuckers batting - Pitching for Shreveport Engineers : RHP Serafim Ricardo
Pitching: RHP Serafim Ricardo
Batting: LHB Douggie Mattson 0-0: Foul Ball, location: 2F
0-1: Ground out 6-3 (Groundball, 6, EV 77.5 MPH)
Batting: SHB Kelly Schick 0-0: Ball
1-0: Ball
2-0: Foul Ball, location: 2F
2-1: Swinging Strike
2-2: Fly out, F2 (Popup, 15S, EV 81.2 MPH)
Batting: LHB Dawlyn Molina 0-0: Ball
1-0: Ground out 4-3 (Groundball, 4, EV 77.5 MPH)
Bottom of the 1st over - 0 runs, 0 hits, 0 errors, 0 left on base; Shreveport 0 - Biloxi 0
TOP OF THE 2ND
Shreveport Engineers batting - Pitching for Biloxi Shuckers : LHP Levi Martin
Batting: RHB Bruce Guadarrama 0-0: Called Strike
0-1: Called Strike
0-2: Ball
1-2: Strikes out swinging
Batting: LHB Bridger Davis 0-0: Ground out U3 (Groundball, 3, EV 80.0 MPH)
Batting: RHB Julin Favian 0-0: Called Strike
0-1: Called Strike
0-2: Foul Ball, location: 2F
0-2: Ball
1-2: Ball
2-2: Foul Ball, location: 2F
2-2: Foul Ball, location: 2F
2-2: Ball
3-2: SINGLE (Groundball, 4MD, EV 101.9 MPH)
Batting: RHB Caiden Wagner 0-0: Ball
1-0: Fielders Choice at 2nd, 5-4 (Groundball, 56, EV 76.2 MPH)
Top of the 2nd over - 0 runs, 1 hit, 0 errors, 1 left on base; Shreveport 0 - Biloxi 0
BOTTOM OF THE 2ND
Biloxi Shuckers batting - Pitching for Shreveport Engineers : RHP Serafim Ricardo
Batting: RHB Elvin Sandoval 0-0: Ball
1-0: Swinging Strike
1-1: Ball
2-1: Ground out 4-3 (Groundball, 34, EV 82.5 MPH)
Batting: RHB Giovanni Morgan 0-0: Foul Ball, location: 2F
0-1: Ball
1-1: Ball
2-1: Swinging Strike
2-2: Fly out, F8 (Flyball, 8RM, EV 83.1 MPH)
Batting: SHB Wyatt Gehrke 0-0: Ball
1-0: Swinging Strike
1-1: Ball
2-1: Foul Ball, location: 2F
2-2: Foul Ball, location: 2F
2-2: Strikes out looking
Bottom of the 2nd over - 0 runs, 0 hits, 0 errors, 0 left on base; Shreveport 0 - Biloxi 0
TOP OF THE 3RD
Shreveport Engineers batting - Pitching for Biloxi Shuckers : LHP Levi Martin
Batting: SHB Zach Sadler 0-0: Called Strike
0-1: Swinging Strike
0-2: Strikes out swinging
Batting: RHB Nathan Hurst 0-0: Ground out 6-3 (Groundball, 6, EV 99.4 MPH)
Batting: RHB Dylan Wagner 0-0: Ball
1-0: Ground out 6-3 (Groundball, 6, EV 79.4 MPH)
Top of the 3rd over - 0 runs, 0 hits, 0 errors, 0 left on base; Shreveport 0 - Biloxi 0
BOTTOM OF THE 3RD
Biloxi Shuckers batting - Pitching for Shreveport Engineers : RHP Serafim Ricardo
Batting: RHB William Wiggins 0-0: Foul Ball, location: 2F
0-1: Ball
1-1: DOUBLE (Line Drive, 89D, EV 101.9 MPH)
Batting: RHB Jon Singwee 0-0: Ball
1-0: Swinging Strike
1-1: Ball
2-1: Ball
3-1: Foul Ball, location: 2F
3-2: Ground out 6-3 (Groundball, 56D, EV 91.9 MPH)
Batting: RHB Josh Whitmyre 0-0: Ball
1-0: Ground out 5-3 (Groundball, 56S, EV 81.2 MPH)
Batting: LHB Douggie Mattson 0-0: Ball
Wild Pitch!
William Wiggins to third
1-0: Ground out 1-3 (Groundball, 34S, EV 68.1 MPH)
Bottom of the 3rd over - 0 runs, 1 hit, 0 errors, 1 left on base; Shreveport 0 - Biloxi 0
TOP OF THE 4TH
Shreveport Engineers batting - Pitching for Biloxi Shuckers : LHP Levi Martin
Batting: RHB Gervase Koehler 0-0: Called Strike
0-1: Ball
1-1: DOUBLE (Flyball, 78D, EV 98.1 MPH)
Batting: RHB Yenier Quiroz 0-0: Ball
1-0: Foul Ball, location: 2F
1-1: Foul Ball, location: 2F
1-2: Foul Ball, location: 2F
1-2: Ball
2-2: Ball
3-2: Foul Ball, location: 2F
3-2: SINGLE (Line Drive, 3D, EV 102.5 MPH)
Gervase Koehler to third
Batting: RHB Bruce Guadarrama 0-0: Called Strike
0-1: Ball
1-1: 3-RUN HOME RUN (Flyball, 78XD, EV 100.0 MPH), Distance : 400 ft
Batting: LHB Bridger Davis 0-0: Called Strike
0-1: Ball
1-1: SINGLE (Groundball, 3D, EV 106.9 MPH)
Batting: RHB Julin Favian 0-0: Ball
1-0: Fielders Choice at 2nd, 6-4 (Groundball, 6M, EV 82.5 MPH)
Batting: RHB Caiden Wagner 0-0: Ball
1-0: Ground out 5-3 (Groundball, 56, EV 85.6 MPH)
Julin Favian to second
Batting: SHB Zach Sadler 0-0: Foul Ball, location: 2F
0-1: Foul Ball, location: 2F
0-2: Foul Ball, location: 2F
0-2: Fly out, F4 (Flyball, 34D, EV 93.8 MPH)
Top of the 4th over - 3 runs, 4 hits, 0 errors, 1 left on base; Shreveport 3 - Biloxi 0
BOTTOM OF THE 4TH
Biloxi Shuckers batting - Pitching for Shreveport Engineers : RHP Serafim Ricardo
Batting: SHB Kelly Schick 0-0: Ball
1-0: SOLO HOME RUN (Flyball, 9D, EV 91.9 MPH), Distance : 347 ft
Batting: LHB Dawlyn Molina 0-0: Called Strike
0-1: Called Strike
0-2: Ball
1-2: Strikes out swinging
Batting: RHB Elvin Sandoval 0-0: Fly out, F8 (Flyball, 8RM, EV 90.6 MPH)
Batting: RHB Giovanni Morgan 0-0: Called Strike
0-1: Foul Ball, location: 2F
0-2: Hit by Pitch
Batting: SHB Wyatt Gehrke 0-0: Ball
1-0: Called Strike
1-1: Foul Ball, location: 2F
1-2: Hit by Pitch
Giovanni Morgan to second
Batting: RHB William Wiggins 0-0: Ball
1-0: Called Strike
1-1: Ground out 1-3 (Groundball, P, EV 71.2 MPH)
Bottom of the 4th over - 1 run, 1 hit, 0 errors, 2 left on base; Shreveport 3 - Biloxi 1
TOP OF THE 5TH
Shreveport Engineers batting - Pitching for Biloxi Shuckers : LHP Levi Martin
Batting: RHB Nathan Hurst 0-0: Called Strike
0-1: Ball
1-1: Swinging Strike
1-2: Strikes out looking
Batting: RHB Dylan Wagner 0-0: Ground out 5-3 (Groundball, 56, EV 91.2 MPH)
Batting: RHB Gervase Koehler 0-0: Ball
1-0: Ball
2-0: Foul Ball, location: 2F
2-1: Foul Ball, location: 2F
2-2: Ball
3-2: Strikes out swinging
Top of the 5th over - 0 runs, 0 hits, 0 errors, 0 left on base; Shreveport 3 - Biloxi 1
BOTTOM OF THE 5TH
Biloxi Shuckers batting - Pitching for Shreveport Engineers : RHP Serafim Ricardo
Batting: RHB Jon Singwee 0-0: Ball
1-0: Ball
2-0: Called Strike
2-1: Ball
3-1: Foul Ball, location: 2F
3-2: Foul Ball, location: 2F
3-2: Strikes out swinging
Batting: RHB Josh Whitmyre 0-0: Ball
1-0: Fly out, F9 (Line Drive, 9D, EV 93.8 MPH)
Batting: LHB Douggie Mattson 0-0: Ball
1-0: Called Strike
1-1: Ball
2-1: Ground out 4-3 (Groundball, 4, EV 83.8 MPH)
Bottom of the 5th over - 0 runs, 0 hits, 0 errors, 0 left on base; Shreveport 3 - Biloxi 1
TOP OF THE 6TH
Shreveport Engineers batting - Pitching for Biloxi Shuckers : LHP Levi Martin
Batting: RHB Yenier Quiroz 0-0: Ground out 5-3 (Groundball, 56, EV 86.9 MPH)
Batting: RHB Bruce Guadarrama 0-0: Ball
1-0: Ground out 6-3 (Groundball, 6, EV 91.9 MPH)
Batting: LHB Bridger Davis 0-0: Ball
1-0: Called Strike
1-1: Called Strike
1-2: Ball
2-2: Ground out U3 (Groundball, 3, EV 88.8 MPH)
Top of the 6th over - 0 runs, 0 hits, 0 errors, 0 left on base; Shreveport 3 - Biloxi 1
BOTTOM OF THE 6TH
Biloxi Shuckers batting - Pitching for Shreveport Engineers : RHP Serafim Ricardo
Batting: SHB Kelly Schick 0-0: Ball
1-0: Ball
2-0: Ball
3-0: Called Strike
3-1: Foul Ball, location: 2F
3-2: Foul Ball, location: 2F
3-2: Ground out 4-3 (Groundball, 34, EV 109.4 MPH)
Batting: LHB Dawlyn Molina 0-0: Ball
1-0: SINGLE (Line Drive, 34D, EV 100.0 MPH)
Batting: RHB Elvin Sandoval 0-0: Ball
1-0: Ball
Passed Ball!
Dawlyn Molina to second
2-0: DOUBLE (Groundball, 5L, EV 106.9 MPH)
Dawlyn Molina scores
Batting: RHB Giovanni Morgan 0-0: Ball
1-0: Foul Ball, location: 2F
1-1: Ball
2-1: Ball
3-1: Base on Balls
Batting: SHB Wyatt Gehrke 0-0: Ball
Elvin Sandoval is caught stealing 3rd base 2-5
1-0: Foul Ball, location: 2F
1-1: Swinging Strike
1-2: Ball
Giovanni Morgan is caught stealing 2nd base 2-6
Bottom of the 6th over - 1 run, 2 hits, 0 errors, 0 left on base; Shreveport 3 - Biloxi 2
TOP OF THE 7TH
Shreveport Engineers batting - Pitching for Biloxi Shuckers : LHP Levi Martin
Batting: RHB Julin Favian 0-0: Called Strike
0-1: Ball
1-1: SINGLE (Line Drive, 9S, EV 100.6 MPH)
Batting: RHB Caiden Wagner 0-0: Ball
1-0: Bunted foul
1-1: Bunted foul
1-2: SINGLE (Flyball, 8RS, EV 91.2 MPH)
Julin Favian to second
Batting: SHB Zach Sadler 0-0: Sac Bunt to 15S - play at first, batter OUT! 1-4
Julin Favian to third
Caiden Wagner to second
Batting: RHB Nathan Hurst 0-0: Ball
1-0: Called Strike
1-1: Swinging Strike
1-2: Strikes out swinging
Pitching: RHP Fred Jackson
Batting: RHB Dylan Wagner 0-0: Fly out, F6 (Popup, 4MD, EV 44.4 MPH)
Top of the 7th over - 0 runs, 2 hits, 0 errors, 2 left on base; Shreveport 3 - Biloxi 2
BOTTOM OF THE 7TH
Biloxi Shuckers batting - Pitching for Shreveport Engineers : RHP Serafim Ricardo
Batting: SHB Wyatt Gehrke 0-0: Called Strike
0-1: Swinging Strike
0-2: Ball
1-2: Fly out, F7 (Flyball, 7, EV 96.2 MPH)
Pitching: RHP Byron LaScola
Batting: RHB William Wiggins 0-0: Foul Ball, location: 2F
0-1: Ball
1-1: Called Strike
1-2: Ball
2-2: Ball
3-2: Foul Ball, location: 2F
3-2: Fly out, F9 (Flyball, 9LM, EV 91.2 MPH)
Pinch Hitting: SHB Olen Akimoto 0-0: Called Strike
0-1: Ball
1-1: Ball
2-1: Ball
3-1: Base on Balls
Pinch Hitting: LHB Patrick Jedin 0-0: Ground out 4-3 (Groundball, 34D, EV 99.4 MPH)
Bottom of the 7th over - 0 runs, 0 hits, 0 errors, 1 left on base; Shreveport 3 - Biloxi 2
TOP OF THE 8TH
Shreveport Engineers batting - Pitching for Biloxi Shuckers : RHP Fred Jackson
Now at 2B: Darrel Gunter
Now at 3B: Damian Estabrook
Batting: RHB Gervase Koehler 0-0: Called Strike
0-1: Called Strike
0-2: Foul Ball, location: 2F
0-2: Strikes out looking
Batting: RHB Yenier Quiroz 0-0: Ball
1-0: Foul Ball, location: 2F
1-1: Ball
2-1: SINGLE (Line Drive, 89M, EV 99.4 MPH)
Batting: RHB Bruce Guadarrama 0-0: Called Strike
0-1: Grounds into double play, 5-4-3 (Groundball, 56, EV 86.9 MPH)
Top of the 8th over - 0 runs, 1 hit, 0 errors, 0 left on base; Shreveport 3 - Biloxi 2
BOTTOM OF THE 8TH
Biloxi Shuckers batting - Pitching for Shreveport Engineers : RHP Byron LaScola
Batting: LHB Douggie Mattson 0-0: SINGLE (Flyball, 4D, EV 94.4 MPH)
Batting: SHB Kelly Schick 0-0: Ball
1-0: Sac Bunt to 15S - play at first, batter OUT! 1-4
Douggie Mattson to second
Batting: LHB Dawlyn Molina 0-0: Foul Ball, location: 2F
0-1: SINGLE (Line Drive, 89S, EV 95.6 MPH)
Douggie Mattson to third
Runner from 3rd tries for Home, SAFE, throw by RF to home
Batting: RHB Elvin Sandoval 0-0: Foul Ball, location: 2F
0-1: Ball
1-1: Foul Ball, location: 2F
1-2: Foul Ball, location: 2F
1-2: Foul Ball, location: 2F
1-2: Ball
2-2: Ball
3-2: Strikes out swinging
Batting: RHB Giovanni Morgan 0-0: Ball
1-0: Ball
2-0: Ball
3-0: Base on Balls
Dawlyn Molina to second
Batting: SHB Wyatt Gehrke 0-0: Ball
1-0: Fielders Choice at 2nd, 6-4 (Groundball, 6, EV 80.6 MPH)
Bottom of the 8th over - 1 run, 2 hits, 0 errors, 2 left on base; Shreveport 3 - Biloxi 3
TOP OF THE 9TH
Shreveport Engineers batting - Pitching for Biloxi Shuckers : RHP Fred Jackson
Pitching: RHP Bronco Cordero
Batting: LHB Bridger Davis 0-0: Ball
1-0: Ball
2-0: Foul Ball, location: 2F
2-1: Ball
3-1: Fly out, F4 (Popup, 4, EV 73.8 MPH)
Pinch Hitting: LHB Roland Bello 0-0: Ball
1-0: Ground out U3 (Groundball, 3S, EV 77.5 MPH)
Batting: RHB Caiden Wagner 0-0: SINGLE (Groundball, 25, EV 67.5 MPH) (infield hit)
Batting: SHB Zach Sadler 0-0: Called Strike
0-1: Called Strike
0-2: Strikes out swinging
Top of the 9th over - 0 runs, 1 hit, 0 errors, 1 left on base; Shreveport 3 - Biloxi 3
BOTTOM OF THE 9TH
Biloxi Shuckers batting - Pitching for Shreveport Engineers : RHP Byron LaScola
Pitching: LHP J.J. Cheng
Now at C: Wil Ghersi
Batting: RHB William Wiggins 0-0: Ball
1-0: Ball
2-0: Ball
3-0: Swinging Strike
3-1: Called Strike
3-2: Ground out 4-3 (Groundball, 4S, EV 76.9 MPH)
Batting: RHB Damian Estabrook 0-0: Called Strike
0-1: Swinging Strike
0-2: Strikes out swinging
Batting: RHB Darrel Gunter 0-0: Ball
1-0: Ball
2-0: Ground out 6-3 (Groundball, 6, EV 78.8 MPH)
Bottom of the 9th over - 0 runs, 0 hits, 0 errors, 0 left on base; Shreveport 3 - Biloxi 3
TOP OF THE 10TH
Shreveport Engineers batting - Pitching for Biloxi Shuckers : RHP Bronco Cordero
Batting: RHB Nathan Hurst 0-0: Ball
1-0: Foul Ball, location: 2F
1-1: Swinging Strike
1-2: Ball
2-2: Strikes out swinging, 2-3 out at first.
Batting: RHB Dylan Wagner 0-0: Foul Ball, location: 2F
0-1: Ground out 6-3 (Groundball, 6, EV 85.0 MPH)
Batting: RHB Gervase Koehler 0-0: Called Strike
0-1: Called Strike
0-2: Ball
1-2: Fly out, F7 (Flyball, 7D, EV 102.5 MPH)
Top of the 10th over - 0 runs, 0 hits, 0 errors, 0 left on base; Shreveport 3 - Biloxi 3
BOTTOM OF THE 10TH
Biloxi Shuckers batting - Pitching for Shreveport Engineers : LHP J.J. Cheng
Batting: LHB Douggie Mattson 0-0: Ball
1-0: Ball
2-0: Foul Ball, location: 2F
2-1: Ground out U3 (Groundball, 34, EV 89.4 MPH)
Batting: SHB Kelly Schick 0-0: Ball
1-0: Reached on error, E3 (Popup, 34, EV 75.6 MPH)
Batting: LHB Dawlyn Molina 0-0: Foul Ball, location: 2F
0-1: Ball
1-1: Ball
2-1: Foul Ball, location: 2F
2-2: SINGLE (Line Drive, 5D, EV 95.0 MPH)
Kelly Schick to second
Batting: RHB Elvin Sandoval 0-0: Called Strike
0-1: Ball
1-1: Swinging Strike
1-2: Foul Ball, location: 2F
1-2: Grounds into double play, 6-4-3 (Groundball, 6, EV 79.4 MPH)
Bottom of the 10th over - 0 runs, 1 hit, 1 error, 1 left on base; Shreveport 3 - Biloxi 3
TOP OF THE 11TH
Shreveport Engineers batting - Pitching for Biloxi Shuckers : RHP Bronco Cordero
Batting: RHB Yenier Quiroz 0-0: Fly out, F8 (Flyball, 78S, EV 90.0 MPH)
Batting: RHB Bruce Guadarrama 0-0: Fly out, F7 (Flyball, 7, EV 78.8 MPH)
Batting: LHB Bridger Davis 0-0: Ball
1-0: Called Strike
1-1: Ball
2-1: Ball
3-1: Base on Balls
Pinch Hitting: LHB Tim Combs 0-0: Ball
1-0: Ball
2-0: Called Strike
2-1: Called Strike
2-2: Fielders Choice at 2nd, 6-4 (Groundball, 56, EV 105.6 MPH)
Top of the 11th over - 0 runs, 0 hits, 0 errors, 1 left on base; Shreveport 3 - Biloxi 3
BOTTOM OF THE 11TH
Biloxi Shuckers batting - Pitching for Shreveport Engineers : LHP J.J. Cheng
Now at C: Tim Combs
Batting: RHB Giovanni Morgan 0-0: Ball
1-0: Foul Ball, location: 2F
1-1: Ball
2-1: Called Strike
2-2: Ground out 4-3 (Groundball, 4, EV 94.4 MPH)
Batting: SHB Wyatt Gehrke 0-0: Ball
1-0: Called Strike
1-1: Foul Ball, location: 2F
1-2: Ball
2-2: Ball
3-2: Base on Balls
Batting: RHB William Wiggins 0-0: Ball
Wyatt Gehrke steals 2nd base
1-0: Ball
2-0: Called Strike
2-1: Called Strike
2-2: Ball
3-2: Foul Ball, location: 2F
3-2: Foul Ball, location: 2F
3-2: Foul Ball, location: 2F
3-2: Base on Balls
Pitching: RHP Phil Chant
Batting: RHB Damian Estabrook 0-0: Swinging Strike
0-1: Ground out 3-1 (Groundball, 34S, EV 62.5 MPH)
Wyatt Gehrke to third
William Wiggins to second
Batting: RHB Darrel Gunter 0-0: Foul Ball, location: 2F
0-1: Fly out, F8 (Flyball, 78XD, EV 87.5 MPH)
Bottom of the 11th over - 0 runs, 0 hits, 0 errors, 2 left on base; Shreveport 3 - Biloxi 3
TOP OF THE 12TH
Shreveport Engineers batting - Pitching for Biloxi Shuckers : RHP Bronco Cordero
Pitching: RHP Adiel Serrano
Batting: RHB Caiden Wagner 0-0: Ground out 4-3 (Groundball, 4M, EV 103.1 MPH)
Batting: SHB Zach Sadler 0-0: Ball
1-0: Ground out 6-3 (Groundball, 6, EV 90.0 MPH)
Batting: RHB Nathan Hurst 0-0: Called Strike
0-1: Foul Ball, location: 2F
0-2: Ball
1-2: Strikes out swinging
Top of the 12th over - 0 runs, 0 hits, 0 errors, 0 left on base; Shreveport 3 - Biloxi 3
BOTTOM OF THE 12TH
Biloxi Shuckers batting - Pitching for Shreveport Engineers : RHP Phil Chant
Batting: LHB Douggie Mattson 0-0: Ball
1-0: Ball
2-0: Swinging Strike
2-1: Ball
3-1: Called Strike
3-2: Fly out, F9 (Flyball, 89M, EV 83.8 MPH)
Batting: SHB Kelly Schick 0-0: Called Strike
0-1: Ground out 6-3 (Groundball, 6, EV 101.9 MPH)
Batting: LHB Dawlyn Molina 0-0: Ball
1-0: Foul Ball, location: 2F
1-1: Called Strike
1-2: Strikes out swinging
Bottom of the 12th over - 0 runs, 0 hits, 0 errors, 0 left on base; Shreveport 3 - Biloxi 3
TOP OF THE 13TH
Shreveport Engineers batting - Pitching for Biloxi Shuckers : RHP Adiel Serrano
Batting: RHB Dylan Wagner 0-0: Called Strike
0-1: Ground out 6-3 (Groundball, 56, EV 101.9 MPH)
Batting: RHB Gervase Koehler 0-0: Ball
1-0: Ball
2-0: Swinging Strike
2-1: Foul Ball, location: 2F
2-2: Ball
3-2: Foul Ball, location: 2F
3-2: Foul Ball, location: 2F
3-2: Foul Ball, location: 2F
3-2: Strikes out swinging
Batting: RHB Yenier Quiroz 0-0: Called Strike
0-1: Ball
1-1: Foul Ball, location: 2F
1-2: Ball
2-2: Ball
3-2: Base on Balls
Pitching: RHP Feliciano Aranda
Batting: RHB Bruce Guadarrama 0-0: Swinging Strike
0-1: Ball
1-1: Swinging Strike
1-2: Ball
2-2: Strikes out looking
Top of the 13th over - 0 runs, 0 hits, 0 errors, 1 left on base; Shreveport 3 - Biloxi 3
BOTTOM OF THE 13TH
Biloxi Shuckers batting - Pitching for Shreveport Engineers : RHP Phil Chant
Batting: RHB Elvin Sandoval 0-0: Called Strike
0-1: Foul Ball, location: 2F
0-2: Foul Ball, location: 2F
0-2: Ball
1-2: Foul Ball, location: 2F
1-2: Foul Ball, location: 2F
1-2: Ball
2-2: Foul Ball, location: 2F
2-2: Strikes out swinging
Batting: RHB Giovanni Morgan 0-0: Ball
1-0: Ball
2-0: Ball
3-0: Called Strike
3-1: Foul Ball, location: 2F
3-2: Foul Ball, location: 2F
3-2: Base on Balls
Batting: SHB Wyatt Gehrke 0-0: Called Strike
0-1: Swinging Strike
0-2: Ball
1-2: Ball
2-2: Reached on error, E6 (Groundball, 56, EV 80.0 MPH)
Giovanni Morgan to second
Batting: RHB William Wiggins 0-0: Called Strike
0-1: Foul Ball, location: 2F
0-2: Ball
1-2: Ball
2-2: Foul Ball, location: 2F
2-2: Ball
3-2: Strikes out swinging
Batting: RHB Damian Estabrook 0-0: Ball
1-0: Ball
2-0: Called Strike
2-1: Ball
3-1: Fly out, F9 (Flyball, 9D, EV 91.9 MPH)
Bottom of the 13th over - 0 runs, 0 hits, 1 error, 2 left on base; Shreveport 3 - Biloxi 3
TOP OF THE 14TH
Shreveport Engineers batting - Pitching for Biloxi Shuckers : RHP Feliciano Aranda
Batting: LHB Bridger Davis 0-0: Called Strike
0-1: Ball
1-1: Ball
2-1: Fly out, F9 (Flyball, 9, EV 89.4 MPH)
Batting: LHB Tim Combs 0-0: Swinging Strike
0-1: Called Strike
0-2: Ball
1-2: SINGLE (Groundball, 34D, EV 104.4 MPH)
Batting: RHB Caiden Wagner 0-0: Called Strike
0-1: Swinging Strike
0-2: Strikes out swinging
Batting: SHB Zach Sadler 0-0: Foul Ball, location: 2F
0-1: Ball
1-1: Foul Ball, location: 2F
1-2: Strikes out swinging
Top of the 14th over - 0 runs, 1 hit, 0 errors, 1 left on base; Shreveport 3 - Biloxi 3
BOTTOM OF THE 14TH
Biloxi Shuckers batting - Pitching for Shreveport Engineers : RHP Phil Chant
Batting: RHB Darrel Gunter 0-0: Ball
1-0: Ball
2-0: SINGLE (Groundball, 56D, EV 99.4 MPH)
Pitching: RHP Ivan Lopez
Batting: LHB Douggie Mattson 0-0: Sac Bunt to 13S - play at second, runner OUT! 1-6
Batting: SHB Kelly Schick 0-0: Called Strike
0-1: Ball
1-1: Ball
2-1: Ball
3-1: Foul Ball, location: 2F
3-2: Foul Ball, location: 2F
3-2: Strikes out looking
Batting: LHB Dawlyn Molina 0-0: Ball
1-0: Ball
2-0: Fielders Choice at 2nd, 6-4 (Groundball, 56, EV 86.9 MPH)
Bottom of the 14th over - 0 runs, 1 hit, 0 errors, 1 left on base; Shreveport 3 - Biloxi 3
TOP OF THE 15TH
Shreveport Engineers batting - Pitching for Biloxi Shuckers : RHP Feliciano Aranda
Batting: RHB Nathan Hurst 0-0: Ball
1-0: Ball
2-0: Ball
3-0: Base on Balls
Batting: RHB Dylan Wagner 0-0: Bunted foul
0-1: Ball
1-1: Ball
2-1: Bunted foul
2-2: SINGLE (Line Drive, 8RS, EV 91.9 MPH)
Nathan Hurst to second
Batting: RHB Gervase Koehler 0-0: Ball
1-0: Called Strike
1-1: Ball
2-1: Foul Ball, location: 2F
2-2: Ball
3-2: Strikes out swinging
Batting: RHB Yenier Quiroz 0-0: Ball
1-0: Ball
2-0: Ball
3-0: Called Strike
3-1: Called Strike
3-2: Strikes out swinging
Batting: RHB Bruce Guadarrama 0-0: Foul Ball, location: 2F
0-1: Ball
1-1: Ball
2-1: Foul Ball, location: 2F
2-2: Foul Ball, location: 2F
2-2: Ball
3-2: Strikes out looking
Top of the 15th over - 0 runs, 1 hit, 0 errors, 2 left on base; Shreveport 3 - Biloxi 3
BOTTOM OF THE 15TH
Biloxi Shuckers batting - Pitching for Shreveport Engineers : RHP Ivan Lopez
Batting: RHB Elvin Sandoval 0-0: Foul Ball, location: 2F
0-1: Foul Ball, location: 2F
0-2: Ball
1-2: SINGLE (Groundball, 6D, EV 99.4 MPH)
Batting: RHB Giovanni Morgan 0-0: Ball
1-0: Ball
Wild Pitch!
Elvin Sandoval to second
2-0: Ball
3-0: Foul Ball, location: 2F
3-1: Base on Balls
Batting: SHB Wyatt Gehrke 0-0: Bunted foul
0-1: Sac Bunt to 13 - play at first, batter safe!
Elvin Sandoval to third
Giovanni Morgan to second
Batting: RHB William Wiggins 0-0: Foul Ball, location: 2F
0-1: Foul Ball, location: 2F
0-2: Strikes out swinging
Batting: RHB Damian Estabrook 0-0: Ball
1-0: DOUBLE (Line Drive, 8LD, EV 104.4 MPH)
Elvin Sandoval scores
Bottom of the 15th over - 1 run, 3 hits, 0 errors, 0 left on base; Shreveport 3 - Biloxi 4
Game Over ... Biloxi defeats Shreveport, 4 to 3
Saturday, May 4th , 2024 - OOTP Baseball 24.11 Build 85